[ PARTIDA AOE2 · #482867094 ]
UnrankedItalianos vs Celts
[ ANÁLISIS DE REPETICIÓN · EXTRAÍDO DE LA PARTIDA GRABADA ]
Feudal
12:55
Castillos
19:31
Imperial
33:27
| APM promedio | 32.9 |
| APM pico | 109 |
| eAPM promedio | 26.6 |
| Aldeanos / militares | 149 / 696 |
Foco
⚔️ 62.3% · 🌾 37.7%
Scout Cavalry ×347 · Unknown (882) ×116 · Genoese Crossbowman ×93 · Hand Cannoneer ×66 · Bombard Cannon ×57 · Spearman ×48
Feudal
11:58
Castillos
19:42
Imperial
31:21
| APM promedio | 30.7 |
| APM pico | 92 |
| eAPM promedio | 28.1 |
| Aldeanos / militares | 118 / 610 |
Foco
⚔️ 44.5% · 🌾 55.5%
Knight ×175 · Archer ×116 · Hand Cannoneer ×116 · Mangonel ×73 · Trade Cart ×65 · Bombard Cannon ×57
Feudal
12:30
Castillos
22:15
Imperial
37:06
| APM promedio | 21.0 |
| APM pico | 53 |
| eAPM promedio | 13.8 |
| Aldeanos / militares | 104 / 413 |
Foco
⚔️ 58.4% · 🌾 41.6%
Scout Cavalry ×218 · Mangonel ×162 · Spearman ×19 · Trade Cart ×7 · Woad Raider ×5 · Battering Ram ×5
Feudal
11:40
Castillos
17:43
Imperial
32:13
| APM promedio | 70.9 |
| APM pico | 352 |
| eAPM promedio | 63.2 |
| Aldeanos / militares | 119 / 499 |
Foco
⚔️ 44.4% · 🌾 55.6%
Scorpion ×313 · Knight ×66 · Spearman ×41 · Battle Elephant ×39 · Trade Cart ×32 · Ballista Elephant ×24
Feudal
12:51
Castillos
20:46
Imperial
36:46
| APM promedio | 10.4 |
| APM pico | 36 |
| eAPM promedio | 8.3 |
| Aldeanos / militares | 96 / 476 |
Foco
⚔️ 34.8% · 🌾 65.2%
Skirmisher ×284 · Rattan Archer ×147 · Bombard Cannon ×45 · Trade Cart ×8
Feudal
16:26
Castillos
19:08
Imperial
31:50
| APM promedio | 20.5 |
| APM pico | 53 |
| eAPM promedio | 16.6 |
| Aldeanos / militares | 148 / 1017 |
Foco
⚔️ 42.7% · 🌾 57.3%
Spearman ×763 · Scorpion ×129 · Ballista Elephant ×79 · Trade Cart ×39 · Battering Ram ×26 · Trebuchet (Packed) ×16
Mapa de la partida
Recursos iniciales + cada clic de construcción. Líneas = muros · curvas = relieve. ◆ oro · ⬟ piedra · ● bayas · ✦ reliquia · ◌ hueco del cierre
Tu base· ✓ Cerrada en 19:31 · 53t muro · sin puerta
Base de ButterMyHead· ✓ Cerrada en 19:42 · 30t muro · 1 puerta(s)
Base de FuriousHenry· ✓ Cerrada en 22:15 · 16t muro · sin puerta
Base de best_s04· ✓ Cerrada en 17:43 · 0t muro · sin puerta
Base de chrianders· ✓ Cerrada en 20:46 · 0t muro · sin puerta
Base de GrottUlla· ✓ Cerrada en 19:08 · 38t muro · 1 puerta(s)
Terreno inicial suavizado · ◌ = hueco del cierre detectado · pasá el cursor para detalles
Inputs por minuto
— Agent_Jot - - ButterMyHead
Build order — Agent_Jot
Primeras 150 de 1244 acciones detectadas
| 0:01 | Crear | Villager (Male) |
| 0:01 | Crear | Villager (Male) |
| 0:04 | Construir | House |
| 0:04 | Construir | House |
| 0:14 | Investigar | Loom |
| 0:14 | Crear | Villager (Male) |
| 0:52 | Construir | Palisade Wall |
| 1:01 | Crear | Villager (Male) |
| 2:00 | Crear | Villager (Male) |
| 2:00 | Crear | Villager (Male) |
| 2:27 | Crear | Villager (Male) |
| 2:46 | Construir | Palisade Wall |
| 2:56 | Crear | Villager (Male) |
| 3:39 | Crear | Villager (Male) |
| 4:43 | Crear | Villager (Male) |
| 4:44 | Crear | Villager (Male) |
| 5:32 | Crear | Villager (Male) |
| 5:45 | Construir | House |
| 6:05 | Crear | Villager (Male) |
| 6:06 | Crear | Villager (Male) |
| 6:07 | Crear | Villager (Male) |
| 6:17 | Construir | House |
| 6:19 | Crear | Villager (Male) |
| 6:42 | Crear | Villager (Male) |
| 7:11 | Crear | Villager (Male) |
| 7:24 | Crear | Villager (Male) |
| 7:46 | Crear | Villager (Male) |
| 7:47 | Crear | Villager (Male) |
| 8:13 | Construir | Mill |
| 8:24 | Construir | Mill |
| 8:27 | Crear | Villager (Male) |
| 8:32 | Crear | Villager (Male) |
| 9:00 | Crear | Villager (Male) |
| 9:26 | Crear | Villager (Male) |
| 9:49 | Crear | Villager (Male) |
| 10:06 | Construir | Lumber Camp |
| 10:11 | Crear | Villager (Male) |
| 10:13 | Crear | Villager (Male) |
| 10:20 | Construir | House |
| 10:23 | Crear | Villager (Male) |
| 10:45 | Investigar | Feudal Age |
| 10:46 | Crear | Villager (Male) |
| 10:54 | Construir | House |
| 11:27 | Construir | Mining Camp |
| 11:29 | Crear | Villager (Male) |
| 11:30 | Crear | Villager (Male) |
| 12:25 | Construir | Lumber Camp |
| 12:45 | Construir | Barracks |
| 12:55 | Edad | Edad Feudal |
| 12:59 | Investigar | Double-Bit Axe |
| 13:05 | Crear | Villager (Male) |
| 13:17 | Investigar | Horse Collar |
| 13:35 | Construir | Stone Wall |
| 13:48 | Construir | Stone Wall |
| 13:59 | Crear | Villager (Male) |
| 14:14 | Construir | Mining Camp |
| 14:17 | Crear | Villager (Male) |
| 14:31 | Construir | Market |
| 14:51 | Crear | Villager (Male) |
| 15:31 | Crear | Villager (Male) |
| 15:32 | Crear | Villager (Male) |
| 15:40 | Construir | Farm |
| 15:42 | Construir | Farm |
| 15:44 | Construir | Farm |
| 15:48 | Crear | Villager (Male) |
| 16:00 | Construir | Blacksmith |
| 16:03 | Crear | Villager (Male) |
| 16:05 | Crear | Villager (Male) |
| 16:16 | Crear | Villager (Male) |
| 16:50 | Investigar | Castle Age |
| 16:58 | Construir | Farm |
| 16:59 | Construir | Farm |
| 17:01 | Construir | Farm |
| 17:03 | Construir | Farm |
| 17:09 | Construir | Farm |
| 17:11 | Construir | Farm |
| 17:21 | Construir | House |
| 17:22 | Construir | House |
| 17:23 | Construir | House |
| 17:24 | Construir | House |
| 17:44 | Construir | Stone Wall |
| 18:22 | Crear | Villager (Male) |
| 18:23 | Crear | Villager (Male) |
| 18:24 | Crear | Villager (Male) |
| 18:51 | Construir | Lumber Camp |
| 19:01 | Construir | Farm |
| 19:03 | Construir | Farm |
| 19:31 | Edad | Edad de los Castillos |
| 19:35 | Construir | Town Center |
| 19:48 | Construir | Town Center |
| 19:52 | Crear | Villager (Male) |
| 20:38 | Construir | Outpost |
| 21:01 | Crear | Villager (Male) |
| 21:02 | Crear | Villager (Male) |
| 21:02 | Crear | Villager (Male) |
| 21:09 | Construir | Farm |
| 21:10 | Construir | Farm |
| 21:17 | Construir | Farm |
| 21:18 | Construir | Farm |
| 21:26 | Crear | Villager (Male) |
| 21:27 | Crear | Villager (Male) |
| 21:28 | Crear | Villager (Male) |
| 21:30 | Crear | Villager (Male) |
| 21:30 | Crear | Villager (Male) |
| 21:31 | Crear | Villager (Male) |
| 21:31 | Crear | Villager (Male) |
| 21:53 | Construir | Siege Workshop |
| 22:07 | Construir | Siege Workshop |
| 22:12 | Construir | Farm |
| 22:13 | Crear | Villager (Male) |
| 22:18 | Crear | Villager (Male) |
| 22:20 | Crear | Villager (Male) |
| 22:20 | Crear | Villager (Male) |
| 22:38 | Construir | Town Center |
| 22:41 | Crear | Villager (Male) |
| 22:42 | Crear | Villager (Male) |
| 22:44 | Crear | Villager (Male) |
| 23:09 | Construir | Monastery |
| 23:24 | Construir | Farm |
| 23:28 | Crear | Villager (Male) |
| 23:29 | Crear | Villager (Male) |
| 23:30 | Crear | Villager (Male) |
| 23:31 | Crear | Villager (Male) |
| 23:43 | Investigar | Bow Saw |
| 23:49 | Crear | Monk |
| 23:52 | Crear | Villager (Male) |
| 23:52 | Crear | Villager (Male) |
| 24:01 | Crear | Villager (Male) |
| 24:01 | Crear | Villager (Male) |
| 24:02 | Crear | Villager (Male) |
| 24:05 | Crear | Villager (Male) |
| 24:05 | Crear | Villager (Male) |
| 24:06 | Crear | Villager (Male) |
| 24:11 | Construir | Lumber Camp |
| 24:28 | Construir | Town Center |
| 24:33 | Crear | Monk |
| 25:08 | Construir | Farm |
| 25:09 | Construir | Farm |
| 25:19 | Construir | Farm |
| 25:35 | Construir | Town Center |
| 25:41 | Construir | University |
| 25:44 | Crear | Villager (Male) |
| 25:46 | Investigar | Wheelbarrow |
| 25:47 | Crear | Villager (Male) |
| 25:48 | Crear | Villager (Male) |
| 25:48 | Crear | Villager (Male) |
| 25:50 | Investigar | Heavy Plow |
| 25:53 | Crear | Villager (Male) |
| 25:58 | Construir | Farm |
| 26:07 | Crear | Monk |
Build order — ButterMyHead
Primeras 150 de 990 acciones detectadas
| 0:01 | Crear | Villager (Male) |
| 0:01 | Crear | Villager (Male) |
| 0:02 | Crear | Villager (Male) |
| 0:04 | Construir | House |
| 0:05 | Construir | House |
| 0:19 | Investigar | Loom |
| 0:20 | Crear | Villager (Male) |
| 0:20 | Crear | Villager (Male) |
| 0:20 | Crear | Villager (Male) |
| 0:41 | Crear | Villager (Male) |
| 0:59 | Construir | Palisade Wall |
| 1:21 | Construir | House |
| 1:22 | Construir | House |
| 2:26 | Construir | Lumber Camp |
| 2:34 | Crear | Villager (Male) |
| 3:02 | Crear | Villager (Male) |
| 3:40 | Crear | Villager (Male) |
| 4:07 | Crear | Villager (Male) |
| 4:38 | Crear | Villager (Male) |
| 4:40 | Crear | Villager (Male) |
| 5:07 | Crear | Villager (Male) |
| 5:39 | Crear | Villager (Male) |
| 5:45 | Construir | Mill |
| 5:47 | Crear | Villager (Male) |
| 6:00 | Crear | Villager (Male) |
| 6:31 | Construir | House |
| 6:33 | Crear | Villager (Male) |
| 7:01 | Crear | Villager (Male) |
| 7:26 | Crear | Villager (Male) |
| 7:59 | Crear | Villager (Male) |
| 8:36 | Construir | House |
| 8:37 | Construir | House |
| 8:39 | Crear | Villager (Male) |
| 8:59 | Crear | Villager (Male) |
| 9:30 | Crear | Villager (Male) |
| 9:44 | Construir | Mill |
| 9:47 | Investigar | Feudal Age |
| 10:39 | Crear | Villager (Male) |
| 10:48 | Construir | Mining Camp |
| 10:53 | Crear | Villager (Male) |
| 11:13 | Construir | Farm |
| 11:21 | Construir | Mining Camp |
| 11:58 | Edad | Edad Feudal |
| 12:19 | Crear | Villager (Male) |
| 12:32 | Construir | Stone Wall |
| 12:42 | Construir | Gate |
| 12:52 | Crear | Villager (Male) |
| 12:53 | Crear | Villager (Male) |
| 12:59 | Construir | Watch Tower |
| 13:02 | Crear | Villager (Male) |
| 13:19 | Construir | Market |
| 13:21 | Crear | Villager (Male) |
| 13:43 | Construir | Lumber Camp |
| 13:49 | Construir | Farm |
| 13:51 | Crear | Villager (Male) |
| 14:18 | Crear | Villager (Male) |
| 14:26 | Construir | House |
| 14:28 | Construir | House |
| 14:29 | Construir | House |
| 14:45 | Construir | Stone Wall |
| 15:10 | Construir | Blacksmith |
| 15:13 | Crear | Villager (Male) |
| 15:32 | Construir | Farm |
| 15:36 | Construir | Farm |
| 15:41 | Construir | Farm |
| 15:43 | Crear | Villager (Male) |
| 15:49 | Construir | Farm |
| 15:52 | Construir | Farm |
| 16:01 | Crear | Villager (Male) |
| 16:16 | Crear | Villager (Male) |
| 16:34 | Construir | Farm |
| 16:36 | Construir | Farm |
| 16:44 | Construir | Farm |
| 16:46 | Construir | Farm |
| 16:48 | Crear | Villager (Male) |
| 17:12 | Investigar | Castle Age |
| 17:31 | Investigar | Horse Collar |
| 17:54 | Investigar | Double-Bit Axe |
| 17:58 | Crear | Villager (Male) |
| 18:20 | Investigar | Stone Mining |
| 19:24 | Crear | Villager (Male) |
| 19:42 | Edad | Edad de los Castillos |
| 19:45 | Construir | Siege Workshop |
| 19:53 | Investigar | Heavy Plow |
| 20:11 | Crear | Mangonel |
| 20:14 | Crear | Villager (Male) |
| 20:14 | Crear | Villager (Male) |
| 20:29 | Construir | Town Center |
| 20:36 | Crear | Villager (Male) |
| 20:37 | Crear | Villager (Male) |
| 20:38 | Investigar | Wheelbarrow |
| 20:42 | Investigar | Stone Shaft Mining |
| 20:42 | Investigar | Gold Mining |
| 20:46 | Crear | Villager (Male) |
| 20:58 | Construir | Farm |
| 20:59 | Construir | Farm |
| 21:02 | Crear | Villager (Male) |
| 21:15 | Crear | Villager (Male) |
| 21:30 | Construir | Mill |
| 21:32 | Crear | Villager (Male) |
| 21:33 | Crear | Villager (Male) |
| 21:53 | Crear | Villager (Male) |
| 21:57 | Crear | Villager (Male) |
| 22:18 | Crear | Villager (Male) |
| 22:30 | Investigar | Gold Mining |
| 22:36 | Crear | Villager (Male) |
| 22:47 | Construir | Farm |
| 22:49 | Construir | Farm |
| 22:50 | Construir | Farm |
| 22:51 | Construir | Farm |
| 22:52 | Construir | Farm |
| 23:05 | Crear | Villager (Male) |
| 23:05 | Crear | Villager (Male) |
| 23:22 | Construir | Castle |
| 23:29 | Crear | Villager (Male) |
| 23:29 | Crear | Villager (Male) |
| 23:38 | Crear | Villager (Male) |
| 23:39 | Crear | Villager (Male) |
| 23:49 | Crear | Villager (Male) |
| 24:08 | Construir | House |
| 24:09 | Construir | House |
| 24:11 | Construir | House |
| 24:14 | Crear | Villager (Male) |
| 24:14 | Crear | Villager (Male) |
| 24:17 | Investigar | Hand Cart |
| 24:21 | Construir | House |
| 24:23 | Construir | House |
| 24:26 | Construir | House |
| 24:27 | Construir | House |
| 24:45 | Construir | Town Center |
| 24:48 | Crear | Villager (Male) |
| 24:48 | Crear | Villager (Male) |
| 25:03 | Construir | Stone Wall |
| 25:10 | Construir | Gate |
| 25:17 | Crear | Villager (Male) |
| 25:33 | Crear | Villager (Male) |
| 25:33 | Crear | Villager (Male) |
| 25:40 | Crear | Villager (Male) |
| 25:40 | Crear | Villager (Male) |
| 25:47 | Crear | Villager (Male) |
| 25:59 | Construir | Mining Camp |
| 26:12 | Crear | Villager (Male) |
| 26:12 | Crear | Villager (Male) |
| 26:14 | Crear | Villager (Male) |
| 26:14 | Crear | Villager (Male) |
| 26:24 | Construir | Farm |
| 26:26 | Construir | Farm |
| 26:27 | Construir | Farm |
| 26:28 | Construir | Farm |
| 26:29 | Construir | Farm |
Build order — FuriousHenry
Primeras 150 de 359 acciones detectadas
| 0:04 | Construir | House |
| 0:06 | Construir | House |
| 0:34 | Investigar | Loom |
| 0:35 | Crear | Villager (Male) ×4 |
| 1:27 | Construir | Palisade Wall |
| 2:34 | Crear | Villager (Male) |
| 2:58 | Crear | Villager (Male) |
| 3:15 | Construir | Lumber Camp |
| 3:28 | Crear | Villager (Male) |
| 3:52 | Crear | Villager (Male) |
| 4:13 | Crear | Villager (Male) |
| 4:35 | Crear | Villager (Male) |
| 4:52 | Crear | Villager (Male) |
| 5:02 | Construir | House |
| 5:14 | Crear | Villager (Male) |
| 5:22 | Crear | Villager (Male) |
| 5:33 | Construir | House |
| 5:50 | Crear | Villager (Male) |
| 5:51 | Crear | Villager (Male) |
| 6:18 | Crear | Villager (Male) |
| 6:56 | Crear | Villager (Male) |
| 7:01 | Construir | House |
| 7:27 | Crear | Villager (Male) |
| 7:42 | Crear | Villager (Male) |
| 7:56 | Crear | Villager (Male) |
| 8:48 | Crear | Villager (Male) |
| 8:59 | Construir | Mill |
| 9:09 | Construir | House |
| 9:58 | Construir | Lumber Camp |
| 10:20 | Investigar | Feudal Age |
| 10:41 | Crear | Villager (Male) |
| 10:43 | Crear | Villager (Male) |
| 11:02 | Construir | Farm |
| 11:03 | Construir | Farm |
| 11:03 | Construir | Farm |
| 11:12 | Construir | Farm |
| 11:12 | Construir | Farm |
| 12:04 | Crear | Villager (Male) |
| 12:30 | Edad | Edad Feudal |
| 12:32 | Crear | Villager (Male) ×4 |
| 12:42 | Construir | Market |
| 12:43 | Construir | Market |
| 12:53 | Construir | Blacksmith |
| 12:59 | Construir | Farm |
| 13:09 | Investigar | Double-Bit Axe |
| 13:27 | Construir | Farm |
| 13:35 | Investigar | Horse Collar |
| 13:55 | Construir | Lumber Camp |
| 14:09 | Crear | Villager (Male) ×2 |
| 14:48 | Construir | Mining Camp |
| 15:07 | Construir | House |
| 15:13 | Construir | House |
| 15:14 | Construir | House |
| 15:15 | Construir | House |
| 15:16 | Construir | House |
| 15:17 | Construir | House |
| 15:19 | Construir | House |
| 15:21 | Construir | House |
| 15:25 | Construir | House |
| 15:36 | Construir | Farm |
| 15:39 | Crear | Villager (Male) ×5 |
| 15:49 | Construir | House |
| 15:50 | Construir | House |
| 15:51 | Construir | House |
| 15:52 | Construir | House |
| 15:53 | Construir | House |
| 15:54 | Construir | House |
| 15:55 | Construir | House |
| 16:02 | Construir | Mining Camp |
| 16:07 | Crear | Villager (Male) |
| 16:17 | Investigar | Gold Mining |
| 17:52 | Construir | Mining Camp |
| 18:01 | Construir | House |
| 18:03 | Construir | House |
| 18:11 | Construir | House |
| 18:13 | Construir | House |
| 18:15 | Construir | House |
| 18:30 | Construir | Mining Camp |
| 18:41 | Crear | Villager (Male) |
| 18:48 | Construir | Barracks |
| 18:52 | Crear | Villager (Male) |
| 19:08 | Construir | Farm |
| 19:08 | Construir | Farm |
| 19:08 | Construir | Farm |
| 19:09 | Construir | Farm |
| 19:09 | Construir | Farm |
| 19:10 | Construir | Farm |
| 19:10 | Construir | Farm |
| 19:11 | Construir | Farm |
| 19:24 | Investigar | Castle Age |
| 19:50 | Construir | Farm |
| 19:58 | Crear | Villager (Male) ×2 |
| 20:22 | Investigar | Stone Mining |
| 20:26 | Crear | Villager (Male) |
| 21:02 | Crear | Trade Cart ×2 |
| 21:14 | Crear | Spearman |
| 21:15 | Crear | Spearman |
| 21:16 | Crear | Spearman |
| 21:52 | Investigar | Scale Mail Armor |
| 22:00 | Crear | Spearman |
| 22:04 | Crear | Spearman |
| 22:15 | Edad | Edad de los Castillos |
| 22:21 | Construir | Castle |
| 22:51 | Construir | Town Center |
| 23:06 | Crear | Villager (Male) ×5 |
| 23:35 | Construir | Stone Wall |
| 23:38 | Construir | Stone Wall |
| 23:41 | Construir | Stone Wall |
| 23:46 | Construir | Stone Wall |
| 23:48 | Construir | Stone Wall |
| 23:49 | Construir | Stone Wall |
| 23:52 | Construir | Stone Wall |
| 23:53 | Construir | Stone Wall |
| 23:56 | Construir | Stone Wall |
| 23:58 | Construir | Stone Wall |
| 24:26 | Crear | Villager (Male) ×5 |
| 24:27 | Crear | Villager (Male) ×5 |
| 24:28 | Crear | Villager (Male) ×5 |
| 25:06 | Construir | Siege Workshop |
| 25:08 | Construir | Siege Workshop |
| 25:10 | Construir | Siege Workshop |
| 25:12 | Construir | Siege Workshop |
| 25:17 | Crear | Villager (Male) ×5 |
| 25:36 | Crear | Villager (Male) ×3 |
| 25:52 | Construir | Town Center |
| 26:01 | Crear | Villager (Male) ×3 |
| 26:59 | Crear | Villager (Male) ×5 |
| 27:10 | Construir | Town Center |
| 27:20 | Construir | Mining Camp |
| 27:48 | Construir | Monastery |
| 28:12 | Construir | House |
| 28:13 | Construir | House |
| 28:14 | Construir | House |
| 28:16 | Construir | House |
| 28:17 | Construir | House |
| 28:18 | Construir | House |
| 28:19 | Construir | House |
| 28:20 | Construir | House |
| 28:24 | Construir | House |
| 28:25 | Construir | House |
| 28:30 | Construir | Stone Wall |
| 28:34 | Construir | Gate |
| 28:41 | Crear | Monk |
| 28:58 | Construir | Lumber Camp |
| 29:22 | Construir | Siege Workshop |
| 29:24 | Construir | Siege Workshop |
| 29:35 | Crear | Villager (Male) ×5 |
| 29:42 | Investigar | Bow Saw |
| 29:47 | Investigar | Stronghold |
| 29:59 | Crear | Villager (Male) ×5 |
Build order — best_s04
Primeras 150 de 793 acciones detectadas
| 0:01 | Crear | Villager (Male) |
| 0:01 | Crear | Villager (Male) |
| 0:02 | Crear | Villager (Male) |
| 0:04 | Construir | House |
| 0:06 | Construir | House |
| 0:39 | Crear | Villager (Male) |
| 1:33 | Crear | Villager (Male) |
| 2:17 | Construir | Lumber Camp |
| 2:22 | Crear | Villager (Male) |
| 2:37 | Crear | Villager (Male) |
| 2:52 | Construir | House |
| 2:59 | Crear | Villager (Male) |
| 3:31 | Crear | Villager (Male) |
| 4:17 | Crear | Villager (Male) |
| 4:41 | Crear | Villager (Male) |
| 5:15 | Investigar | Loom |
| 5:52 | Crear | Villager (Male) |
| 5:53 | Crear | Villager (Male) |
| 5:54 | Crear | Villager (Male) |
| 6:14 | Construir | Mill |
| 6:40 | Construir | House |
| 6:47 | Crear | Villager (Male) |
| 7:18 | Crear | Villager (Male) |
| 7:33 | Crear | Villager (Male) |
| 8:35 | Crear | Villager (Male) |
| 8:35 | Crear | Villager (Male) |
| 8:35 | Crear | Villager (Male) |
| 9:24 | Investigar | Feudal Age |
| 9:28 | Investigar | Feudal Age |
| 9:41 | Construir | House |
| 9:48 | Crear | Villager (Male) |
| 9:49 | Crear | Villager (Male) |
| 10:05 | Construir | Farm |
| 10:07 | Construir | Farm |
| 10:09 | Construir | Farm |
| 10:10 | Construir | Farm |
| 10:32 | Construir | Mining Camp |
| 10:48 | Construir | Farm |
| 11:40 | Edad | Edad Feudal |
| 12:17 | Crear | Villager (Male) |
| 12:48 | Construir | Market |
| 12:56 | Crear | Villager (Male) |
| 12:56 | Crear | Villager (Male) |
| 13:08 | Construir | Lumber Camp |
| 13:18 | Construir | House |
| 13:29 | Investigar | Double-Bit Axe |
| 13:32 | Investigar | Horse Collar |
| 13:56 | Crear | Villager (Male) |
| 13:57 | Crear | Villager (Male) |
| 14:08 | Construir | House |
| 14:48 | Construir | Farm |
| 15:01 | Construir | Lumber Camp |
| 15:03 | Investigar | Castle Age |
| 15:13 | Construir | Mining Camp |
| 15:43 | Crear | Villager (Male) |
| 15:47 | Crear | Villager (Male) |
| 16:21 | Construir | Lumber Camp |
| 16:37 | Crear | Trade Cart |
| 17:43 | Edad | Edad de los Castillos |
| 17:48 | Construir | Farm |
| 17:49 | Construir | Farm |
| 18:00 | Construir | Town Center |
| 18:11 | Construir | Town Center |
| 18:14 | Crear | Villager (Male) |
| 18:32 | Construir | Town Center |
| 18:50 | Crear | Trade Cart |
| 19:08 | Investigar | Gold Mining |
| 19:10 | Investigar | Stone Mining |
| 19:17 | Crear | Villager (Male) |
| 19:17 | Crear | Villager (Male) |
| 19:18 | Crear | Villager (Male) |
| 19:18 | Crear | Villager (Male) |
| 19:18 | Crear | Villager (Male) |
| 19:19 | Crear | Villager (Male) |
| 19:43 | Construir | House |
| 19:45 | Construir | House |
| 19:56 | Construir | Farm |
| 20:04 | Investigar | Wheelbarrow |
| 20:17 | Crear | Villager (Male) |
| 20:17 | Crear | Villager (Male) |
| 20:32 | Construir | Farm |
| 20:44 | Crear | Villager (Male) |
| 21:02 | Crear | Villager (Male) |
| 21:08 | Crear | Villager (Male) |
| 21:08 | Crear | Villager (Male) |
| 21:16 | Construir | Farm |
| 21:21 | Construir | Farm |
| 21:34 | Crear | Villager (Male) |
| 21:34 | Crear | Villager (Male) |
| 21:42 | Construir | Farm |
| 21:49 | Crear | Villager (Male) |
| 21:49 | Crear | Villager (Male) |
| 22:00 | Crear | Villager (Male) |
| 22:00 | Crear | Villager (Male) |
| 22:06 | Construir | Farm |
| 22:08 | Crear | Villager (Male) |
| 22:22 | Construir | Farm |
| 22:24 | Construir | Farm |
| 22:25 | Construir | Farm |
| 22:29 | Construir | Farm |
| 22:36 | Investigar | Heavy Plow |
| 22:45 | Construir | Farm |
| 22:48 | Crear | Villager (Male) |
| 22:54 | Crear | Villager (Male) |
| 23:06 | Construir | Farm |
| 23:13 | Investigar | Bow Saw |
| 23:24 | Crear | Villager (Male) |
| 23:28 | Construir | Farm |
| 23:35 | Crear | Villager (Male) |
| 23:35 | Crear | Villager (Male) |
| 23:55 | Crear | Villager (Male) |
| 23:55 | Crear | Villager (Male) |
| 24:19 | Construir | Barracks |
| 24:29 | Construir | Siege Workshop |
| 24:36 | Investigar | Caravan |
| 24:36 | Crear | Trade Cart |
| 24:37 | Crear | Trade Cart |
| 24:46 | Crear | Villager (Male) |
| 24:46 | Crear | Villager (Male) |
| 24:47 | Crear | Villager (Male) |
| 24:47 | Crear | Villager (Male) |
| 24:47 | Crear | Villager (Male) |
| 25:02 | Construir | Farm |
| 25:05 | Construir | Farm |
| 25:09 | Construir | Farm |
| 25:13 | Crear | Villager (Male) |
| 25:13 | Crear | Villager (Male) |
| 25:13 | Crear | Villager (Male) |
| 25:19 | Construir | Farm |
| 25:24 | Construir | House |
| 25:25 | Construir | House |
| 25:27 | Construir | House |
| 25:40 | Construir | Farm |
| 25:45 | Crear | Villager (Male) |
| 25:45 | Crear | Villager (Male) |
| 25:46 | Crear | Villager (Male) |
| 25:56 | Crear | Villager (Male) |
| 25:57 | Crear | Villager (Male) |
| 26:05 | Investigar | Hand Cart |
| 26:09 | Crear | Villager (Male) |
| 26:17 | Construir | Farm |
| 26:24 | Crear | Villager (Male) |
| 26:24 | Crear | Villager (Male) |
| 26:32 | Construir | Siege Workshop |
| 26:40 | Construir | Siege Workshop |
| 26:44 | Construir | Barracks |
| 26:47 | Construir | Farm |
| 26:50 | Construir | Farm |
| 26:51 | Crear | Villager (Male) |
| 26:51 | Crear | Villager (Male) |
Build order — chrianders
Primeras 150 de 380 acciones detectadas
| 0:05 | Investigar | Loom |
| 0:06 | Crear | Villager (Male) |
| 0:06 | Crear | Villager (Male) |
| 0:06 | Crear | Villager (Male) |
| 0:06 | Crear | Villager (Male) |
| 0:07 | Crear | Villager (Male) |
| 0:19 | Construir | House |
| 0:25 | Construir | House |
| 2:23 | Crear | Villager (Male) |
| 2:23 | Crear | Villager (Male) |
| 3:15 | Crear | Villager (Male) |
| 3:16 | Crear | Villager (Male) |
| 3:16 | Crear | Villager (Male) |
| 3:34 | Crear | Villager (Male) |
| 3:51 | Construir | House |
| 3:52 | Construir | House |
| 4:02 | Construir | Lumber Camp |
| 4:08 | Crear | Villager (Male) |
| 4:26 | Crear | Villager (Male) |
| 4:26 | Crear | Villager (Male) |
| 4:26 | Crear | Villager (Male) |
| 5:56 | Crear | Villager (Male) |
| 5:57 | Crear | Villager (Male) |
| 5:57 | Crear | Villager (Male) |
| 5:57 | Crear | Villager (Male) |
| 6:17 | Crear | Villager (Male) |
| 7:29 | Crear | Villager (Male) |
| 7:30 | Crear | Villager (Male) |
| 7:30 | Crear | Villager (Male) |
| 7:30 | Crear | Villager (Male) |
| 7:49 | Construir | Mill |
| 10:41 | Investigar | Feudal Age |
| 10:59 | Construir | Mining Camp |
| 12:51 | Edad | Edad Feudal |
| 12:53 | Investigar | Wheelbarrow |
| 12:56 | Investigar | Horse Collar |
| 12:58 | Investigar | Double-Bit Axe |
| 13:01 | Crear | Villager (Male) |
| 13:01 | Crear | Villager (Male) |
| 13:02 | Crear | Villager (Male) |
| 13:02 | Crear | Villager (Male) |
| 13:02 | Crear | Villager (Male) |
| 13:02 | Crear | Villager (Male) |
| 13:38 | Construir | Barracks |
| 13:52 | Construir | House |
| 13:59 | Construir | House |
| 14:26 | Construir | House |
| 14:28 | Construir | House |
| 14:29 | Construir | House |
| 14:32 | Construir | Farm |
| 14:33 | Construir | Farm |
| 14:40 | Construir | Farm |
| 14:40 | Construir | Farm |
| 14:52 | Construir | Farm |
| 14:52 | Construir | Farm |
| 15:05 | Construir | Archery Range |
| 15:07 | Construir | Archery Range |
| 15:16 | Investigar | Town Watch |
| 15:18 | Crear | Villager (Male) |
| 15:18 | Crear | Villager (Male) |
| 15:19 | Crear | Villager (Male) |
| 15:39 | Construir | Farm |
| 16:02 | Construir | Farm |
| 16:17 | Construir | Blacksmith |
| 16:30 | Construir | Market |
| 17:20 | Construir | Mill |
| 18:06 | Investigar | Castle Age |
| 18:56 | Construir | Farm |
| 18:56 | Construir | Farm |
| 18:57 | Construir | Farm |
| 18:58 | Construir | Farm |
| 18:59 | Construir | Farm |
| 19:00 | Construir | Farm |
| 19:01 | Construir | Farm |
| 19:01 | Construir | Farm |
| 20:06 | Investigar | Fletching |
| 20:07 | Investigar | Padded Archer Armor |
| 20:24 | Construir | Farm |
| 20:46 | Edad | Edad de los Castillos |
| 20:49 | Construir | Town Center |
| 20:59 | Construir | Town Center |
| 21:03 | Crear | Villager (Male) |
| 21:03 | Crear | Villager (Male) |
| 21:03 | Crear | Villager (Male) |
| 21:03 | Crear | Villager (Male) |
| 21:04 | Crear | Villager (Male) |
| 21:04 | Crear | Villager (Male) |
| 21:38 | Crear | Villager (Male) |
| 21:38 | Crear | Villager (Male) |
| 21:48 | Investigar | Hand Cart |
| 22:17 | Crear | Villager (Male) |
| 22:17 | Crear | Villager (Male) |
| 22:28 | Crear | Villager (Male) |
| 22:28 | Crear | Villager (Male) |
| 22:29 | Crear | Villager (Male) |
| 23:03 | Crear | Villager (Male) |
| 23:04 | Crear | Villager (Male) |
| 23:05 | Crear | Villager (Male) |
| 23:06 | Crear | Villager (Male) |
| 23:06 | Crear | Villager (Male) |
| 23:11 | Investigar | Leather Archer Armor |
| 23:12 | Investigar | Bodkin Arrow |
| 23:30 | Construir | University |
| 23:46 | Investigar | Heavy Plow |
| 23:49 | Investigar | Bow Saw |
| 24:17 | Crear | Villager (Male) |
| 24:17 | Crear | Villager (Male) |
| 24:17 | Crear | Villager (Male) |
| 24:18 | Crear | Villager (Male) |
| 24:19 | Crear | Villager (Male) |
| 24:20 | Crear | Villager (Male) |
| 24:20 | Crear | Villager (Male) |
| 24:32 | Investigar | Stone Mining |
| 24:36 | Investigar | Ballistics |
| 24:41 | Crear | Villager (Male) |
| 24:41 | Crear | Villager (Male) |
| 25:09 | Construir | Town Center |
| 25:19 | Crear | Villager (Male) |
| 25:19 | Crear | Villager (Male) |
| 25:20 | Crear | Villager (Male) |
| 25:40 | Investigar | Thumb Ring |
| 25:44 | Investigar | Elite Skirmisher (upgrade) |
| 26:17 | Construir | Archery Range |
| 26:44 | Crear | Villager (Male) |
| 26:44 | Crear | Villager (Male) |
| 26:44 | Crear | Villager (Male) |
| 26:45 | Crear | Villager (Male) |
| 26:45 | Crear | Villager (Male) |
| 26:45 | Crear | Villager (Male) |
| 26:53 | Construir | House |
| 26:54 | Construir | House |
| 26:54 | Construir | House |
| 26:54 | Construir | House |
| 26:55 | Construir | House |
| 27:15 | Investigar | Town Patrol |
| 27:15 | Crear | Villager (Male) |
| 27:16 | Crear | Villager (Male) |
| 27:27 | Crear | Villager (Male) |
| 27:27 | Crear | Villager (Male) |
| 27:52 | Construir | Archery Range |
| 27:53 | Construir | Archery Range |
| 28:17 | Construir | Farm |
| 28:18 | Construir | Farm |
| 28:24 | Crear | Villager (Male) |
| 28:25 | Crear | Villager (Male) |
| 28:25 | Crear | Villager (Male) |
| 28:25 | Crear | Villager (Male) |
| 28:26 | Crear | Villager (Male) |
| 28:26 | Crear | Villager (Male) |
| 28:26 | Crear | Villager (Male) |
Build order — GrottUlla
Primeras 150 de 707 acciones detectadas
| 0:06 | Investigar | Loom |
| 0:07 | Crear | Villager (Male) ×4 |
| 0:18 | Construir | House |
| 0:19 | Construir | House |
| 0:20 | Construir | House |
| 0:22 | Construir | House |
| 1:49 | Crear | Villager (Male) |
| 1:49 | Crear | Villager (Male) |
| 2:42 | Crear | Villager (Male) |
| 2:43 | Crear | Villager (Male) |
| 3:11 | Crear | Villager (Male) |
| 3:11 | Crear | Villager (Male) |
| 3:23 | Construir | Palisade Wall |
| 3:29 | Construir | Palisade Wall |
| 3:38 | Construir | Palisade Wall |
| 3:48 | Crear | Villager (Male) |
| 3:48 | Crear | Villager (Male) |
| 4:16 | Crear | Villager (Male) |
| 4:16 | Crear | Villager (Male) |
| 4:26 | Crear | Villager (Male) |
| 5:02 | Crear | Villager (Male) |
| 5:05 | Crear | Villager (Male) |
| 5:43 | Construir | Mill |
| 5:49 | Crear | Villager (Male) |
| 6:02 | Crear | Villager (Male) |
| 6:25 | Crear | Villager (Male) |
| 6:49 | Crear | Villager (Male) |
| 6:59 | Crear | Villager (Male) |
| 7:09 | Construir | Lumber Camp |
| 7:15 | Crear | Villager (Male) |
| 7:16 | Crear | Villager (Male) |
| 7:47 | Crear | Villager (Male) |
| 7:47 | Crear | Villager (Male) |
| 8:29 | Crear | Villager (Male) |
| 8:29 | Crear | Villager (Male) |
| 8:29 | Crear | Villager (Male) |
| 8:38 | Construir | House |
| 8:39 | Construir | House |
| 8:40 | Construir | House |
| 8:41 | Construir | House |
| 8:42 | Construir | House |
| 8:53 | Crear | Villager (Male) |
| 8:53 | Crear | Villager (Male) |
| 9:26 | Crear | Villager (Male) |
| 9:26 | Crear | Villager (Male) |
| 9:44 | Crear | Villager (Male) |
| 9:44 | Crear | Villager (Male) |
| 9:55 | Crear | Villager (Male) |
| 9:55 | Crear | Villager (Male) |
| 9:56 | Crear | Villager (Male) |
| 9:56 | Crear | Villager (Male) |
| 9:56 | Crear | Villager (Male) |
| 10:41 | Crear | Villager (Male) |
| 10:41 | Crear | Villager (Male) |
| 10:45 | Crear | Villager (Male) |
| 11:05 | Construir | Mining Camp |
| 11:15 | Construir | Mining Camp |
| 12:08 | Construir | Farm |
| 12:10 | Construir | Farm |
| 12:12 | Construir | Farm |
| 12:13 | Construir | Farm |
| 12:14 | Construir | Farm |
| 12:17 | Construir | Farm |
| 12:18 | Construir | Farm |
| 12:19 | Construir | Farm |
| 13:09 | Investigar | Feudal Age |
| 13:35 | Construir | House |
| 13:37 | Construir | House |
| 13:38 | Construir | House |
| 13:40 | Construir | House |
| 13:41 | Construir | House |
| 13:43 | Construir | House |
| 13:47 | Construir | House |
| 14:24 | Construir | Barracks |
| 14:38 | Construir | Barracks |
| 16:04 | Construir | Farm |
| 16:06 | Construir | Farm |
| 16:07 | Construir | Farm |
| 16:09 | Construir | Farm |
| 16:26 | Edad | Edad Feudal |
| 16:28 | Investigar | Castle Age |
| 16:35 | Investigar | Horse Collar |
| 17:05 | Investigar | Double-Bit Axe |
| 17:27 | Construir | Market |
| 17:33 | Construir | Market |
| 17:47 | Investigar | Gold Mining |
| 17:50 | Investigar | Stone Mining |
| 18:05 | Construir | Stone Wall |
| 18:07 | Construir | Stone Wall |
| 18:21 | Construir | Gate |
| 18:29 | Investigar | Wheelbarrow |
| 18:57 | Construir | Blacksmith |
| 19:08 | Edad | Edad de los Castillos |
| 19:12 | Crear | Villager (Male) |
| 19:12 | Crear | Villager (Male) |
| 19:12 | Crear | Villager (Male) |
| 19:13 | Crear | Villager (Male) |
| 19:13 | Crear | Villager (Male) |
| 19:23 | Construir | Town Center |
| 20:00 | Construir | Town Center |
| 20:34 | Investigar | Town Watch |
| 20:34 | Crear | Villager (Male) |
| 20:35 | Crear | Villager (Male) |
| 20:35 | Crear | Villager (Male) |
| 20:35 | Crear | Villager (Male) |
| 20:55 | Construir | Town Center |
| 21:04 | Investigar | Heavy Plow |
| 21:28 | Construir | Stone Wall |
| 21:53 | Construir | Farm |
| 21:54 | Construir | Farm |
| 22:00 | Investigar | Bow Saw |
| 22:13 | Construir | Farm |
| 22:21 | Crear | Villager (Male) |
| 22:35 | Crear | Villager (Male) |
| 22:35 | Crear | Villager (Male) |
| 22:47 | Construir | House |
| 23:01 | Crear | Villager (Male) |
| 23:02 | Crear | Villager (Male) |
| 23:02 | Crear | Villager (Male) |
| 23:10 | Construir | Farm |
| 23:15 | Crear | Villager (Male) |
| 23:15 | Crear | Villager (Male) |
| 23:22 | Construir | Farm |
| 24:02 | Construir | Castle |
| 24:12 | Crear | Villager (Male) |
| 24:12 | Crear | Villager (Male) |
| 24:13 | Crear | Villager (Male) |
| 24:13 | Crear | Villager (Male) |
| 24:13 | Crear | Villager (Male) |
| 24:19 | Crear | Villager (Male) |
| 24:19 | Crear | Villager (Male) |
| 24:19 | Crear | Villager (Male) |
| 24:26 | Construir | Farm |
| 24:27 | Construir | Farm |
| 24:29 | Construir | Farm |
| 24:31 | Construir | Farm |
| 24:32 | Construir | Farm |
| 24:33 | Construir | Farm |
| 24:35 | Construir | Farm |
| 24:41 | Crear | Villager (Male) ×2 |
| 24:41 | Crear | Villager (Male) ×2 |
| 25:03 | Construir | Barracks |
| 25:05 | Construir | Barracks |
| 25:36 | Crear | Villager (Male) |
| 25:36 | Crear | Villager (Male) |
| 25:36 | Crear | Villager (Male) |
| 25:36 | Crear | Villager (Male) |
| 25:37 | Crear | Villager (Male) |
| 25:37 | Crear | Villager (Male) |
| 25:37 | Crear | Villager (Male) |
Cronología de la partida
| 0:52 | Agent_Jot · wall_segment Palisade Wall x17 |
| 0:59 | ButterMyHead · wall_segment Palisade Wall x15 |
| 1:27 | FuriousHenry · wall_segment Palisade Wall x16 |
| 2:46 | Agent_Jot · wall_segment Palisade Wall x14 |
| 3:23 | GrottUlla · wall_segment Palisade Wall x3 |
| 3:29 | GrottUlla · wall_segment Palisade Wall x14 |
| 3:38 | GrottUlla · wall_segment Palisade Wall x1 |
| 11:40 | best_s04 · age_up feudal |
| 11:58 | ButterMyHead · age_up feudal |
| 12:30 | FuriousHenry · age_up feudal |
| 12:32 | ButterMyHead · wall_segment Stone Wall x15 |
| 12:45 | Agent_Jot · first_building Barracks |
| 12:51 | chrianders · age_up feudal |
| 12:55 | Agent_Jot · age_up feudal |
| 13:35 | Agent_Jot · wall_segment Stone Wall x13 |
| 13:38 | chrianders · first_building Barracks |
| 13:48 | Agent_Jot · wall_segment Stone Wall x21 |
| 14:24 | GrottUlla · first_building Barracks |
| 14:45 | ButterMyHead · wall_segment Stone Wall x1 |
| 15:05 | chrianders · first_building Archery Range |
| 16:26 | GrottUlla · age_up feudal |
| 17:43 | best_s04 · age_up castle |
| 17:44 | Agent_Jot · wall_segment Stone Wall x1 |
| 18:05 | GrottUlla · wall_segment Stone Wall x16 |
| 18:07 | GrottUlla · wall_segment Stone Wall x4 |
| 18:48 | FuriousHenry · first_building Barracks |
| 19:08 | GrottUlla · age_up castle |
| 19:21 | FuriousHenry · first_market_sell 100 wood |
| 19:26 | GrottUlla · first_market_buy 100 wood |
| 19:31 | Agent_Jot · age_up castle |
| 19:42 | ButterMyHead · age_up castle |
| 19:45 | ButterMyHead · first_building Siege Workshop |
| 20:46 | chrianders · age_up castle |
| 21:28 | GrottUlla · wall_segment Stone Wall x2 |
| 21:53 | Agent_Jot · first_building Siege Workshop |
| 22:10 | GrottUlla · first_market_sell 100 food |
| 22:15 | FuriousHenry · age_up castle |
| 22:21 | FuriousHenry · first_building Castle |
| 22:38 | FuriousHenry · first_market_buy 100 stone |
| 23:09 | Agent_Jot · first_building Monastery |
| 23:22 | ButterMyHead · first_building Castle |
| 23:35 | FuriousHenry · wall_segment Stone Wall x25 |
| 23:38 | FuriousHenry · wall_segment Stone Wall x1 |
| 23:39 | Agent_Jot · first_market_buy 100 food |
| 23:41 | FuriousHenry · wall_segment Stone Wall x6 |
| 23:46 | FuriousHenry · wall_segment Stone Wall x2 |
| 23:48 | FuriousHenry · wall_segment Stone Wall x1 |
| 23:49 | FuriousHenry · wall_segment Stone Wall x1 |
| 23:52 | FuriousHenry · wall_segment Stone Wall x3 |
| 23:53 | FuriousHenry · wall_segment Stone Wall x1 |
| 23:56 | FuriousHenry · wall_segment Stone Wall x3 |
| 23:58 | FuriousHenry · wall_segment Stone Wall x2 |
| 24:02 | GrottUlla · first_building Castle |
| 24:03 | best_s04 · first_market_buy 100 wood |
| 24:19 | best_s04 · first_building Barracks |
| 24:29 | best_s04 · first_building Siege Workshop |
| 25:03 | ButterMyHead · wall_segment Stone Wall x19 |
| 25:06 | FuriousHenry · first_building Siege Workshop |
| 27:48 | FuriousHenry · first_building Monastery |
| 27:55 | Agent_Jot · first_market_sell 100 wood |
| 28:07 | ButterMyHead · first_market_buy 100 wood |
| 28:30 | FuriousHenry · wall_segment Stone Wall x8 |
| 29:03 | chrianders · first_building Castle |
| 29:43 | ButterMyHead · first_building Barracks |
| 30:31 | ButterMyHead · first_building Archery Range |
| 30:58 | best_s04 · first_building Castle |
| 31:17 | GrottUlla · first_building Siege Workshop |
| 31:21 | ButterMyHead · age_up imperial |
| 31:50 | GrottUlla · age_up imperial |
| 32:13 | best_s04 · age_up imperial |
| 33:04 | Agent_Jot · first_building Castle |
| 33:27 | Agent_Jot · age_up imperial |
| 35:16 | ButterMyHead · first_building Stable |
| 35:23 | Agent_Jot · wall_segment Stone Wall x18 |
| 35:30 | chrianders · first_building Siege Workshop |
| 36:00 | Agent_Jot · wall_segment Stone Wall x11 |
| 36:46 | chrianders · age_up imperial |
| 37:06 | FuriousHenry · age_up imperial |
| 37:27 | chrianders · first_market_sell 100 wood |
| 37:28 | Agent_Jot · first_building Archery Range |
| 40:17 | ButterMyHead · first_market_sell 100 wood |
| 40:33 | Agent_Jot · tribute_sent a jugador 1 |
| 40:33 | Agent_Jot · tribute_sent a jugador 2 |
| 40:33 | Agent_Jot · tribute_sent a jugador 3 |
| 40:33 | Agent_Jot · tribute_sent a jugador 4 |
| 40:33 | Agent_Jot · tribute_sent a jugador 6 |
| 41:02 | Agent_Jot · tribute_sent a jugador 1 |
| 41:02 | Agent_Jot · tribute_sent a jugador 2 |
| 41:02 | Agent_Jot · tribute_sent a jugador 3 |
| 41:02 | Agent_Jot · tribute_sent a jugador 4 |
| 41:02 | Agent_Jot · tribute_sent a jugador 6 |
| 41:11 | Agent_Jot · first_building Stable |
| 42:16 | best_s04 · first_building Stable |
| 44:03 | FuriousHenry · first_building Stable |
| 47:28 | Agent_Jot · tribute_sent a jugador 1 |
| 47:28 | Agent_Jot · tribute_sent a jugador 2 |
| 47:28 | Agent_Jot · tribute_sent a jugador 3 |
| 47:28 | Agent_Jot · tribute_sent a jugador 4 |
| 47:28 | Agent_Jot · tribute_sent a jugador 6 |
| 49:59 | best_s04 · first_market_sell 100 food |
| 57:52 | GrottUlla · first_building Monastery |
| 64:09 | best_s04 · tribute_sent a jugador 1 |
| 64:09 | best_s04 · tribute_sent a jugador 2 |
| 64:09 | best_s04 · tribute_sent a jugador 4 |
| 64:09 | best_s04 · tribute_sent a jugador 5 |
| 64:09 | best_s04 · tribute_sent a jugador 6 |
| 72:15 | chrianders · wall_segment Stone Wall x18 |
| 77:24 | chrianders · wall_segment Palisade Wall x3 |
| 77:30 | chrianders · wall_segment Palisade Wall x6 |
| 80:38 | chrianders · resign |
[ ANÁLISIS IA · 1 CRÉDITO ]
¿Qué pasó realmente en esta partida?
Wolo.gg analiza cada decisión: build order, eco, micro, errores típicos por bracket. Análisis personalizado por WhatsApp o Discord en 30 segundos.
Guía civ
Italianos
Perfil
Jugador #460142